 Dungeon Crawl Stone Soup version 0.27.1-34-g3ba077fa99 (webtiles) character file.

Game seed: 7957693400046193575

85 safid the Shield-Bearer (level 4, -3/40 HPs)
             Began as a Hill Orc Fighter on Jan 6, 2022.
             Succumbed to Sigmund's poison
             ... on level 2 of the Dungeon.
             The game lasted 00:04:32 (1674 turns).

safid the Shield-Bearer (Hill Orc Fighter)          Turns: 1674, Time: 00:04:33

Health: -3/40      AC:  7    Str: 19    XL:     4   Next: 48%
Magic:  4/4        EV:  7    Int:  8    God:
Gold:   61         SH:  0    Dex: 10    Spells: 3/3 levels left

rFire    . . .     SeeInvis .   a - +0 war axe
rCold    . . .     Faith    .   c - +0 kite shield
rNeg     . . .     Spirit   .   b - +0 scale mail
rPois    .         Reflect  .   (no helmet)
rElec    .         Harm     .   (no cloak)
rCorr    .         Rampage  .   (no gloves)
Will     .....                  (no boots)
Stlth    ..........             (no amulet)
HPRegen  0.13/turn              (no ring)
MPRegen  0.09/turn              (no ring)

@: confused, lethally poisoned (-3 -> -30)
A: no striking features
a: no special abilities


You were on level 2 of the Dungeon.
You visited 1 branch of the dungeon, and saw 2 of its levels.

You collected 61 gold pieces.

Inventory:

Hand Weapons
 a - a +0 war axe (weapon)
Armour
 b - a +0 scale mail (worn)
 c - a +0 kite shield (worn)
Jewellery
 g - a +6 ring of intelligence
 k - a ring of wizardry
Scrolls
 h - a scroll of blinking {unknown}
 j - a scroll of amnesia {unknown}
 l - a scroll of noise {unknown}
 m - a scroll of teleportation {unknown}
Potions
 d - a potion of attraction {unknown}
 e - a potion of brilliance {unknown}
 i - a potion of lignification {unknown}


   Skills:
 - Level 4.0 Fighting
 + Level 4.1 Axes
 - Level 4.0 Armour
 + Level 4.1 Shields


You had 3 spell levels left.
You didn't know any spells.
Your spell library was empty.

Dungeon Overview and Level Annotations

Branches:
Dungeon (2/15)

Altars:

Annotations:
D:2 Sigmund


Message History

You are poisoned.
You slash Sigmund!
Sigmund is severely wounded.
You feel very sick. Sigmund barely misses you.
You feel much better.
You feel less confused.
You feel sick. You block Sigmund's attack.
You slash Sigmund!
Sigmund is almost dead.
You feel sick. Sigmund gestures at you while chanting.
You are confused.
Sigmund gestures wildly while chanting.
Sigmund flickers and vanishes!
Deactivating autopickup; reactivate with Ctrl-A.
You feel sick. Something hits you.
You are more poisoned.
You feel very sick.
You're too confused to move!
You feel sick. Something hits you but does no damage.
You feel sick.
You hear some strange, mumbled words.
A magic dart appears from out of thin air!
The magic dart hits you.
You bump into the rock wall.
You feel sick. Something hits you but does no damage.
You are more poisoned.
You closely miss something.
You feel very sick.
You hear some strange, mumbled words.
You are more confused.
You completely miss something.
* * * LOW HITPOINT WARNING * * *
You feel very sick. Something hits you!
* * * LOW HITPOINT WARNING * * *
You are more poisoned.
You bump into the rock wall.
You die...

#### ...## ...#
##..### #.....#
###.#
#####/....######
......
................
#.#...
..##....{# #...#
#.##....@# ....#
#.###.####
###.#####.###.#
#....(......####
#..............#
##.####........#
#.# #....<...#
#.# #........#
#.# #........#


There were no monsters in sight!

Vanquished Creatures
  Terence (D:2)
  An adder (D:2)
  2 dart slugs (D:1)
  4 endoplasms
  2 giant cockroaches (D:1)
  5 goblins
  3 hobgoblins (D:1)
  3 jackals (D:1)
  A quokka (D:2)
  8 ball pythons
  4 bats (D:1)
  5 frilled lizards
  5 kobolds (D:1)
  2 rats (D:1)
46 creatures vanquished.

Notes
Turn   | Place    | Note
-------+----------+-------------------------------------------
     0 | D:1      | safid the Hill Orc Fighter began the quest for the Orb.
     0 | D:1      | Reached XP level 1. HP: 19/19 MP: 1/1
    77 | D:1      | Found a faded altar of an unknown god.
   196 | D:1      | Reached XP level 2. HP: 25/27 MP: 2/2
   779 | D:1      | Reached XP level 3. HP: 33/33 MP: 3/3
  1388 | D:2      | Noticed Terence
  1397 | D:2      | Killed Terence
  1398 | D:2      | Reached XP level 4. HP: 39/40 MP: 4/4
  1648 | D:2      | Noticed Sigmund
  1674 | D:2      | Succumbed to Sigmund's poison

Illustrated notes

Levels and vault maps discovered:
D:1:      tarquinn_simple_flora_water_a, layout_loops_corners,
          ebering_ecumenical_altar_webs
D:2:      layout_loops_ring, minmay_heptomino_h4, uniq_sigmund, uniq_terence

Skill      XL: |  1  2  3  4 |
---------------+-------------+-----
Axes           | 3 4 |  4.1
Fighting       | 4 |  4.0
Armour         | 4 |  4.0
Shields        | 4 |  4.1

Action                   |  1- 3 |  4- 6 || total
-------------------------+-------+-------++-------
Melee: War axe           |   118 |    25 ||   143
  Use: Potion            |     1 |     2 ||     3
Armor: Scale mail        |    63 |     4 ||    67
Dodge: Dodged            |    47 |     4 ||    51
Block: Kite shield       |    62 |    13 ||    75
